ITL
INDIANA HOUNDS @ CHATTANOOGA CHINPOKOMON
06/16/2028
 
TOP OF THE 1ST
Indiana Hounds batting - Pitching for Chattanooga Chinpokomon : LHP Dwight Livingston
Pitching: LHP Dwight Livingston
Batting: RHB Javier Martínez 0-0: Called Strike
0-1: Ball
1-1: Fly out, F8 (Flyball, 8RM)
Batting: SHB Dave MacThomas 0-0: Ground out 6-3 (Groundball, 6)
Batting: RHB Doug Murray 0-0: Foul Ball, location: 2F
0-1: Swinging Strike
0-2: Ball
1-2: Foul Ball, location: 2F
1-2: Ball
2-2: Foul Ball, location: 2F
2-2: Strikes out swinging
Top of the 1st over - 0 run(s), 0 hit(s), 0 error(s), 0 left on base; Indiana 0 - Chattanooga 0
BOTTOM OF THE 1ST
Chattanooga Chinpokomon batting - Pitching for Indiana Hounds : RHP Bob Cunningham
Pitching: RHP Bob Cunningham
Batting: RHB Felipe Rego 0-0: Called Strike
0-1: Ball
1-1: SINGLE (Groundball, 6MD)
Batting: LHB George Wood 0-0: Ball
1-0: Fly out, F7 (Flyball, 7LSF)
Batting: RHB Casey Fox 0-0: Called Strike
0-1: Fly out, F7 (Line Drive, 7D)
Batting: RHB Cristo García 0-0: Ball
1-0: Ball
2-0: Called Strike
2-1: SINGLE (Groundball, 3D)
Felipe Rego to second
Runner from 2nd tries for 3rd, SAFE, throw made to third
Cristo García to second
Batting: RHB Ramiro Chávez 0-0: Swinging Strike
0-1: Swinging Strike
0-2: Ball
1-2: Ball
2-2: Ball
3-2: Strikes out swinging
Bottom of the 1st over - 0 run(s), 2 hit(s), 0 error(s), 2 left on base; Indiana 0 - Chattanooga 0
TOP OF THE 2ND
Indiana Hounds batting - Pitching for Chattanooga Chinpokomon : LHP Dwight Livingston
Batting: SHB Charles Alexander 0-0: Swinging Strike
0-1: Ground out 5-3 (Groundball, 56S)
Batting: LHB John Cotton 0-0: Foul Ball, location: 2F
0-1: Ball
1-1: Swinging Strike
1-2: Ball
2-2: Ball
3-2: Strikes out swinging
Batting: RHB Eugene Ackerman 0-0: Ball
1-0: Ground out 6-3 (Groundball, 6)
Top of the 2nd over - 0 run(s), 0 hit(s), 0 error(s), 0 left on base; Indiana 0 - Chattanooga 0
BOTTOM OF THE 2ND
Chattanooga Chinpokomon batting - Pitching for Indiana Hounds : RHP Bob Cunningham
Batting: RHB Armando Cuevas 0-0: Foul Ball, location: 2F
0-1: Reached on error, E4 (Groundball, 4)
Batting: RHB Luis Antonio Velásquez 0-0: Called Strike
0-1: Ball
1-1: Swinging Strike
1-2: Foul Ball, location: 2F
1-2: Strikes out swinging
Batting: LHB Martin Davis 0-0: Ball
1-0: Called Strike
1-1: Foul Ball, location: 2F
1-2: Foul Ball, location: 2F
1-2: SINGLE (Groundball, 6) (infield hit)
Armando Cuevas to second
Batting: RHB Manuel Ortega 0-0: Called Strike
0-1: SINGLE (Line Drive, 4MD)
Armando Cuevas to third
Martin Davis to second
Batting: RHB Felipe Rego 0-0: Ball
1-0: Called Strike
1-1: DOUBLE (Line Drive, 78D)
Armando Cuevas scores
Martin Davis scores
Manuel Ortega to third
Runner from 3rd tries for Home, SAFE, throw made at trailing runner, OUT at third!
Batting: LHB George Wood 0-0: Ball
1-0: Ball
2-0: Foul Ball, location: 2F
2-1: Swinging Strike
2-2: Foul Ball, location: 2F
2-2: Foul Ball, location: 2F
2-2: DOUBLE (Line Drive, 7LS)
Batting: RHB Casey Fox 0-0: Ball
1-0: Ball
2-0: Foul Ball, location: 2F
2-1: Swinging Strike
2-2: Ball
3-2: Ground out 4-3 (Groundball, 4)
Bottom of the 2nd over - 3 run(s), 4 hit(s), 1 error(s), 1 left on base; Indiana 0 - Chattanooga 3
TOP OF THE 3RD
Indiana Hounds batting - Pitching for Chattanooga Chinpokomon : LHP Dwight Livingston
Batting: LHB Denny Poole 0-0: Ball
1-0: Ball
2-0: Ball
3-0: Called Strike
3-1: Swinging Strike
3-2: Strikes out swinging
Batting: LHB Jim Clemente 0-0: Called Strike
0-1: Ball
1-1: Swinging Strike
1-2: Foul Ball, location: 2F
1-2: Strikes out swinging
Batting: RHB Stephen Cochran 0-0: SINGLE (Groundball, 56) (infield hit)
Batting: RHB Javier Martínez 0-0: Ball
1-0: Ball
2-0: Ball
3-0: Called Strike
3-1: Called Strike
3-2: Foul Ball, location: 2F
3-2: SINGLE (Line Drive, 89S)
Stephen Cochran to second
Stephen Cochran to third
Batting: SHB Dave MacThomas 0-0: Ball
1-0: Foul Ball, location: 2F
1-1: Called Strike
1-2: Foul Ball, location: 2F
1-2: Foul Ball, location: 2F
1-2: Foul Ball, location: 2F
1-2: Ball
2-2: Strikes out swinging
Top of the 3rd over - 0 run(s), 2 hit(s), 0 error(s), 2 left on base; Indiana 0 - Chattanooga 3
BOTTOM OF THE 3RD
Chattanooga Chinpokomon batting - Pitching for Indiana Hounds : RHP Bob Cunningham
Batting: RHB Cristo García 0-0: Ball
1-0: Called Strike
1-1: Swinging Strike
1-2: SINGLE (Flyball, 8RS)
Batting: RHB Ramiro Chávez 0-0: Ball
1-0: Ball
2-0: Called Strike
2-1: Fly out, F8 (Flyball, 8LM)
Batting: RHB Armando Cuevas Pickoff Throw to First - Out!
0-0: SINGLE (Line Drive, 78S)
Batting: RHB Luis Antonio Velásquez 0-0: Ball
1-0: Called Strike
1-1: SINGLE (Groundball, 56) (infield hit)
Armando Cuevas to second
Batting: LHB Martin Davis 0-0: Called Strike
0-1: Foul Ball, location: 2F
0-2: Ball
1-2: Fielders Choice at 2nd, 4-6 (Groundball, 34)
Bottom of the 3rd over - 0 run(s), 3 hit(s), 0 error(s), 1 left on base; Indiana 0 - Chattanooga 3
TOP OF THE 4TH
Indiana Hounds batting - Pitching for Chattanooga Chinpokomon : LHP Dwight Livingston
Batting: RHB Doug Murray 0-0: Called Strike
0-1: Swinging Strike
0-2: Strikes out swinging
Batting: SHB Charles Alexander 0-0: Called Strike
0-1: Swinging Strike
0-2: Ground out 5-3 (Groundball, 56)
Batting: LHB John Cotton 0-0: Foul Ball, location: 2F
0-1: Called Strike
0-2: Ball
1-2: Foul Ball, location: 2F
1-2: Ball
2-2: Foul Ball, location: 2F
2-2: Strikes out swinging
Top of the 4th over - 0 run(s), 0 hit(s), 0 error(s), 0 left on base; Indiana 0 - Chattanooga 3
BOTTOM OF THE 4TH
Chattanooga Chinpokomon batting - Pitching for Indiana Hounds : RHP Bob Cunningham
Batting: RHB Manuel Ortega 0-0: Ball
1-0: Foul Ball, location: 2F
1-1: Ground out 5-3 (Groundball, 56S)
Batting: RHB Felipe Rego 0-0: Ball
1-0: Ball
2-0: Foul Ball, location: 2F
2-1: Fly out, F9 (Flyball, 89D)
Batting: LHB George Wood 0-0: Ball
1-0: Foul Ball, location: 2F
1-1: SINGLE (Groundball, 56D)
Batting: RHB Casey Fox 0-0: Ball
1-0: Ball
2-0: Called Strike
2-1: Fly out, F4 (Line Drive, 34)
Bottom of the 4th over - 0 run(s), 1 hit(s), 0 error(s), 1 left on base; Indiana 0 - Chattanooga 3
TOP OF THE 5TH
Indiana Hounds batting - Pitching for Chattanooga Chinpokomon : LHP Dwight Livingston
Batting: RHB Eugene Ackerman 0-0: Ball
1-0: Ball
2-0: Foul Ball, location: 2F
2-1: Called Strike
2-2: Strikes out swinging
Batting: LHB Denny Poole 0-0: Ball
1-0: Ball
2-0: Ball
3-0: Base on Balls
Batting: LHB Jim Clemente 0-0: Ball
1-0: SINGLE (Groundball, 15S) (infield hit)
Denny Poole to second
Batting: RHB Stephen Cochran 0-0: Fly out, F9 (Flyball, 9S)
Batting: RHB Javier Martínez 0-0: Ball
1-0: Ball
2-0: Ball
3-0: Base on Balls
Denny Poole to third
Jim Clemente to second
Batting: SHB Dave MacThomas 0-0: Foul Ball, location: 2F
0-1: Ball
1-1: Ground out 5-3 (Groundball, 56S)
Top of the 5th over - 0 run(s), 1 hit(s), 0 error(s), 3 left on base; Indiana 0 - Chattanooga 3
BOTTOM OF THE 5TH
Chattanooga Chinpokomon batting - Pitching for Indiana Hounds : RHP Bob Cunningham
Batting: RHB Cristo García 0-0: Foul Ball, location: 2F
0-1: Ball
1-1: Foul Ball, location: 2F
1-2: Fly out, F9 (Flyball, 9LS)
Batting: RHB Ramiro Chávez 0-0: Ball
1-0: Called Strike
1-1: Ball
2-1: Ball
3-1: Fly out, F9 (Flyball, 9)
Batting: RHB Armando Cuevas 0-0: Ball
1-0: SINGLE (Groundball, 56D)
Pitching: RHP Rob Fields
Batting: RHB Luis Antonio Velásquez 0-0: Called Strike
0-1: Called Strike
0-2: Strikes out swinging
Bottom of the 5th over - 0 run(s), 1 hit(s), 0 error(s), 1 left on base; Indiana 0 - Chattanooga 3
TOP OF THE 6TH
Indiana Hounds batting - Pitching for Chattanooga Chinpokomon : LHP Dwight Livingston
Batting: RHB Doug Murray 0-0: Swinging Strike
0-1: Called Strike
0-2: Ball
1-2: Foul Ball, location: 2F
1-2: Ball
2-2: Ball
3-2: Base on Balls
Batting: SHB Charles Alexander 0-0: Ball
1-0: Called Strike
1-1: Called Strike
1-2: Fielders Choice at 2nd, 6-4 (Groundball, 6)
Batting: LHB John Cotton 0-0: Called Strike
0-1: SINGLE (Groundball, 13) (infield hit)
Charles Alexander to second
Batting: RHB Eugene Ackerman 0-0: Ball
1-0: Foul Ball, location: 2F
1-1: Swinging Strike
1-2: Fly out, F7 (Flyball, 7S)
Batting: LHB Denny Poole 0-0: Foul Ball, location: 2F
0-1: Foul Ball, location: 2F
0-2: Strikes out looking
Top of the 6th over - 0 run(s), 1 hit(s), 0 error(s), 2 left on base; Indiana 0 - Chattanooga 3
BOTTOM OF THE 6TH
Chattanooga Chinpokomon batting - Pitching for Indiana Hounds : RHP Rob Fields
Batting: LHB Martin Davis 0-0: Swinging Strike
0-1: Foul Ball, location: 2F
0-2: Ball
1-2: Ball
2-2: Ball
3-2: DOUBLE (Flyball, 7D)
Batting: RHB Manuel Ortega 0-0: Called Strike
0-1: Called Strike
0-2: Ball
1-2: Foul Ball, location: 2F
1-2: Ball
2-2: Ball
3-2: Base on Balls
Batting: RHB Felipe Rego 0-0: Foul Ball, location: 2F
0-1: Ball
1-1: Foul Ball, location: 2F
1-2: Grounds into double play, 5-4-3 (Groundball, 5)
Martin Davis to third
Batting: LHB George Wood 0-0: Ball
1-0: Called Strike
1-1: Ball
2-1: Foul Ball, location: 2F
2-2: Foul Ball, location: 2F
2-2: SINGLE (Line Drive, 56)
Martin Davis scores
Batting: RHB Casey Fox 0-0: Swinging Strike
George Wood steals 2nd base
0-1: Fly out, F6 (Line Drive, 6)
Bottom of the 6th over - 1 run(s), 2 hit(s), 0 error(s), 1 left on base; Indiana 0 - Chattanooga 4
TOP OF THE 7TH
Indiana Hounds batting - Pitching for Chattanooga Chinpokomon : LHP Dwight Livingston
Pitching: LHP José Chávez
Batting: LHB Jim Clemente 0-0: Swinging Strike
0-1: Ball
1-1: SINGLE (Groundball, 4MD)
Batting: RHB Stephen Cochran 0-0: Ball
1-0: Ball
2-0: Swinging Strike
2-1: Swinging Strike
2-2: Ground out 6-3 (Groundball, 6S)
Jim Clemente to second
Batting: RHB Javier Martínez 0-0: Called Strike
0-1: Swinging Strike
0-2: Foul Ball, location: 2F
0-2: SINGLE (Line Drive, 7LS)
Jim Clemente to third
Runner from 3rd tries for Home, SAFE, no throw
Batting: SHB Dave MacThomas 0-0: Ball
Javier Martínez steals 2nd base
1-0: Called Strike
Javier Martínez steals 3rd base
1-1: DOUBLE (Line Drive, 78D)
Javier Martínez scores
Pitching: RHP Artie Downing
Batting: RHB Doug Murray 0-0: Called Strike
0-1: Called Strike
0-2: Foul Ball, location: 2F
0-2: Ball
1-2: Ball
2-2: Strikes out swinging
Batting: SHB Charles Alexander 0-0: Foul Ball, location: 2F
0-1: SINGLE (Line Drive, 89S)
Dave MacThomas to third
Runner from 3rd tries for Home, SAFE, no throw
Pitching: LHP Henry Barton
Pinch Hitting: RHB Adrian Prouse 0-0: Called Strike
0-1: Ball
1-1: Ball
2-1: Ball
3-1: Base on Balls
Charles Alexander to second
Batting: RHB Eugene Ackerman 0-0: Ball
1-0: Ball
2-0: Called Strike
2-1: Fly out, F9 (Flyball, 9LS)
Top of the 7th over - 3 run(s), 4 hit(s), 0 error(s), 2 left on base; Indiana 3 - Chattanooga 4
BOTTOM OF THE 7TH
Chattanooga Chinpokomon batting - Pitching for Indiana Hounds : RHP Rob Fields
Now in LF: Adrian Prouse
Batting: RHB Cristo García 0-0: Fly out, F8 (Line Drive, 8RM)
Batting: RHB Ramiro Chávez 0-0: Called Strike
0-1: Called Strike
0-2: Strikes out swinging
Batting: RHB Armando Cuevas 0-0: Ball
1-0: Called Strike
1-1: Ball
2-1: Ball
3-1: Base on Balls
Pinch Runner at 1st Donald White:
Batting: RHB Luis Antonio Velásquez 0-0: Called Strike
0-1: Ball
1-1: Ball
2-1: Swinging Strike
2-2: Strikes out swinging
Bottom of the 7th over - 0 run(s), 0 hit(s), 0 error(s), 1 left on base; Indiana 3 - Chattanooga 4
TOP OF THE 8TH
Indiana Hounds batting - Pitching for Chattanooga Chinpokomon : LHP Henry Barton
Pitching: LHP Mario Solíz
Now at SS: Fernando Pérez
Batting: LHB Denny Poole 0-0: Foul Ball, location: 2F
0-1: Ball
1-1: Ball
2-1: Ball
3-1: Base on Balls
Batting: LHB Jim Clemente 0-0: Ball
1-0: Bunted foul
1-1: Sac Bunt - play at first, batter OUT! 1-4
Denny Poole to second
Pinch Hitting: RHB Juan Jose Guevana 0-0: Swinging Strike
0-1: Ball
1-1: Swinging Strike
1-2: Ball
2-2: Fly out, F8 (Flyball, 8RM)
Pinch Hitting: RHB Vicente Valentín 0-0: 2-RUN HOME RUN (Flyball, 78XD), Distance : 414 ft
Batting: SHB Dave MacThomas 0-0: Called Strike
0-1: Ball
1-1: Ball
2-1: Ball
3-1: Foul Ball, location: 2F
3-2: Base on Balls
Pitching: LHP Israel Polanco
Batting: RHB Doug Murray 0-0: Ball
1-0: Called Strike
1-1: Called Strike
1-2: Ball
2-2: Strikes out swinging
Top of the 8th over - 2 run(s), 1 hit(s), 0 error(s), 1 left on base; Indiana 5 - Chattanooga 4
BOTTOM OF THE 8TH
Chattanooga Chinpokomon batting - Pitching for Indiana Hounds : RHP Rob Fields
Pitching: RHP Mike Meeks
Now at 1B: Juan Jose Guevana
Now at SS: Tommy Evans
Batting: LHB Martin Davis 0-0: Swinging Strike
0-1: Fly out, F8 (Flyball, 78M)
Batting: RHB Manuel Ortega 0-0: Ball
1-0: Ball
2-0: Called Strike
2-1: SINGLE (Line Drive, 6M)
Batting: RHB Felipe Rego 0-0: Ball
1-0: Ball
2-0: Called Strike
2-1: Foul Ball, location: 2F
2-2: Foul Ball, location: 2F
2-2: Ground out 5-3 (Groundball, 56)
Manuel Ortega to second
Pitching: LHP Tatsui Tanaka
Pinch Hitting: RHB Jesús Tisnado 0-0: Swinging Strike
0-1: Ball
1-1: Fly out, F8 (Line Drive, 8LXD)
Bottom of the 8th over - 0 run(s), 1 hit(s), 0 error(s), 1 left on base; Indiana 5 - Chattanooga 4
TOP OF THE 9TH
Indiana Hounds batting - Pitching for Chattanooga Chinpokomon : LHP Israel Polanco
Pitching: LHP Bob Quested
Now at 1B: Jesús Tisnado
Batting: SHB Charles Alexander 0-0: Ball
1-0: Ground out 4-3 (Groundball, 4)
Batting: RHB Adrian Prouse 0-0: Swinging Strike
0-1: Ball
1-1: Foul Ball, location: 2F
1-2: Ball
2-2: Fly out, F4 (Popup, 34D)
Batting: RHB Eugene Ackerman 0-0: Foul Ball, location: 2F
0-1: Called Strike
0-2: Ball
1-2: Foul Ball, location: 2F
1-2: Ground out 3-1 (Groundball, 34)
Top of the 9th over - 0 run(s), 0 hit(s), 0 error(s), 0 left on base; Indiana 5 - Chattanooga 4
BOTTOM OF THE 9TH
Chattanooga Chinpokomon batting - Pitching for Indiana Hounds : LHP Tatsui Tanaka
Pitching: RHP Porter Warren
Batting: RHB Casey Fox 0-0: Ball
1-0: Ball
2-0: Called Strike
2-1: Foul Ball, location: 2F
2-2: Strikes out swinging
Batting: RHB Cristo García 0-0: Foul Ball, location: 2F
0-1: Foul Ball, location: 2F
0-2: Ball
1-2: Ball
2-2: Foul Ball, location: 2F
2-2: Strikes out swinging
Pinch Hitting: SHB Roberto Rivera 0-0: Called Strike
0-1: Swinging Strike
0-2: Ball
1-2: SOLO HOME RUN (Line Drive, 9LD), Distance : 358 ft
Batting: RHB Donald White 0-0: Called Strike
0-1: Ball
1-1: Called Strike
1-2: Ball
2-2: Foul Ball, location: 2F
2-2: Strikes out swinging
Bottom of the 9th over - 1 run(s), 1 hit(s), 0 error(s), 0 left on base; Indiana 5 - Chattanooga 5
TOP OF THE 10TH
Indiana Hounds batting - Pitching for Chattanooga Chinpokomon : LHP Bob Quested
Now at SS: Pablo Morán
Batting: LHB Denny Poole 0-0: Called Strike
0-1: Foul Ball, location: 2F
0-2: SINGLE (Groundball, 4MD)
Batting: LHB Jim Clemente 0-0: Bunted foul
0-1: Bunted foul
0-2: Fly out, F4 (Popup, 4)
Batting: RHB Juan Jose Guevana 0-0: Called Strike
0-1: Ball
1-1: Grounds into double play, 5-4-3 (Groundball, 56)
Top of the 10th over - 0 run(s), 1 hit(s), 0 error(s), 0 left on base; Indiana 5 - Chattanooga 5
BOTTOM OF THE 10TH
Chattanooga Chinpokomon batting - Pitching for Indiana Hounds : RHP Porter Warren
Batting: RHB Luis Antonio Velásquez 0-0: Hit by Pitch
Batting: LHB Martin Davis 0-0: Sac Bunt - play at first, batter OUT! 1-4
Luis Antonio Velásquez to second
Pinch Hitting: RHB Juan Pérez 0-0: Foul Ball, location: 2F
0-1: Ball
1-1: Foul Ball, location: 2F
1-2: Ball
2-2: Ball
3-2: Base on Balls
Batting: RHB Felipe Rego 0-0: Ball
1-0: Foul Ball, location: 2F
1-1: Ball
2-1: Fly out, F9 (Flyball, 9LM)
Batting: RHB Jesús Tisnado 0-0: Called Strike
0-1: Ball
1-1: Called Strike
1-2: Strikes out swinging
Bottom of the 10th over - 0 run(s), 0 hit(s), 0 error(s), 2 left on base; Indiana 5 - Chattanooga 5
TOP OF THE 11TH
Indiana Hounds batting - Pitching for Chattanooga Chinpokomon : LHP Bob Quested
Pitching: RHP Carlos Mendoza
Now in LF: Tucker Flowers
Batting: LHB Tommy Evans 0-0: Ball
1-0: Called Strike
1-1: Ball
2-1: Swinging Strike
2-2: Ball
3-2: Strikes out swinging
Batting: SHB Dave MacThomas 0-0: Ball
1-0: Fly out, F7 (Flyball, 7LMF)
Pinch Hitting: LHB Pepe Vázquez 0-0: Called Strike
0-1: Swinging Strike
0-2: Foul Ball, location: 2F
0-2: SINGLE (Groundball, 4D)
Pinch Hitting: LHB Dave Watson 0-0: SINGLE (Groundball, 34) (infield hit)
Pepe Vázquez to second
Batting: RHB Adrian Prouse 0-0: Ball
1-0: Called Strike
1-1: Ball
2-1: Called Strike
2-2: Ball
3-2: Foul Ball, location: 2F
3-2: SINGLE (Groundball, 6MD)
Pepe Vázquez to third
Dave Watson to second
Pepe Vázquez scores
Dave Watson to third
Pinch Hitting: LHB Rubén Díaz 0-0: Foul Ball, location: 2F
0-1: Foul Ball, location: 2F
0-2: SINGLE (Groundball, 34D) (infield hit)
Dave Watson scores
Adrian Prouse to second
Batting: LHB Denny Poole 0-0: Ball
1-0: Called Strike
1-1: Ball
2-1: Called Strike
2-2: Ground out U3 (Groundball, 34S)
Top of the 11th over - 2 run(s), 4 hit(s), 0 error(s), 2 left on base; Indiana 7 - Chattanooga 5
BOTTOM OF THE 11TH
Chattanooga Chinpokomon batting - Pitching for Indiana Hounds : RHP Porter Warren
Now at C: Dave Watson
Now at 3B: Rubén Díaz
Now in CF: Pepe Vázquez
Batting: RHB Casey Fox 0-0: Ball
1-0: Ball
2-0: Ground out 5-3 (Groundball, 56)
Batting: RHB Cristo García 0-0: Foul Ball, location: 2F
0-1: Called Strike
0-2: Strikes out swinging
Batting: RHB Pablo Morán 0-0: Foul Ball, location: 2F
0-1: Fly out, F8 (Flyball, 8LD)
Bottom of the 11th over - 0 run(s), 0 hit(s), 0 error(s), 0 left on base; Indiana 7 - Chattanooga 5
Tuesday, August 8th, 2017 - OOTP Baseball 17.12 Build 75